 Dungeon Crawl Stone Soup version 0.31.0-11-ge490571c62 (webtiles) character file.

Game seed: 16579679189599214016

16956 qw the Skirmisher (level 12, 0/60 HPs)
             Began as a Spriggan Hunter on Feb 4, 2024.
             Was a High Priest of Okawaru.
             Slain by a merfolk
             ... wielding a +0 trident
              (21 damage)
             ... on level 2 of the Lair of Beasts.
             The game lasted 00:01:29 (12932 turns).

qw the Skirmisher (Spriggan Hunter)                Turns: 12932, Time: 00:01:30

Health: 0/60       AC:  5    Str:  7    XL:     12   Next: 14%
Magic:  20/20      EV: 28    Int: 11    God:    Okawaru [*****.]
Gold:   911        SH:  5    Dex: 23    Spells: 11/11 levels left

rFire   + + .        j - +1 orcbow
rCold   . . .        (shield currently unavailable)
rNeg    . . .        t - +2 troll leather armour
rPois   .            (helmet restricted)
rElec   .            (no cloak)
rCorr   .            (gloves unavailable)
SInv    +            (boots unavailable)
Will    ++...        f - amulet of reflection
Stlth   +            h - ring of protection from fire
HPRegen 1.10/turn    l - ring of protection from fire
MPRegen 0.17/turn

%: reflection
@: slow
A: very small, no large weapons, unfitting armour, see invisible, speed 3
a: Renounce Religion, Heroism, Finesse, Duel


You were on level 2 of the Lair of Beasts.
You worshipped Okawaru.
Okawaru was extremely pleased with you.
You visited 3 branches of the dungeon, and saw 14 of its levels.
You also visited: Ossuary.

You collected 911 gold pieces.


Innate Abilities, Weirdness & Mutations

You are very small and have problems with some larger weapons.
You are too small for most types of armour.
You have supernaturally acute eyesight. (SInv)
You cover ground extremely quickly. (Speed+++)


   Skills:
 - Level 5.0 Fighting
 + Level 13.8 Ranged Weapons
 - Level 13.0 Dodging
 - Level 1.5 Stealth
 - Level 10.0 Invocations


You had 11 spell levels left.
You didn't know any spells.
Your spell library was empty.

Inventory:

Hand Weapons
 j - a +1 orcbow (weapon)
Armour
 g - a +2 robe of fire resistance
 t - a +2 troll leather armour (worn)
Jewellery
 b - a ring of ice
 f - an amulet of reflection (around neck)
 h - a ring of protection from fire (left hand)
 i - a ring of ice
 l - a ring of protection from fire (right hand)
Wands
 a - a wand of acid (22)
 o - a wand of polymorph (10)
 q - a wand of paralysis (17)
 s - a wand of iceblast (4)
Scrolls
 n - a scroll of identify
Potions
 c - a potion of cancellation
 d - 4 potions of resistance
 e - 4 potions of curing
 k - 6 potions of might
 m - 2 potions of magic
 p - a potion of mutation
 r - a potion of enlightenment
 u - a potion of brilliance {unknown}
 v - a potion of heal wounds

Dungeon Overview and Level Annotations

Branches:
Dungeon (11/15)            Temple (1/1) D:5            Lair (2/5) D:11
  Snake (0/4) Lair:2      Ossuary (visited)
  Swamp: Lair:2-3    Shoals: Lair:2-3       Orc: D:9-12

Altars:
Ashenzari
Cheibriados
Dithmenos
Elyvilon
Fedhas
Gozag
Hepliaklqana
Kikubaaqudgha
Makhleb
Nemelex Xobeh
Okawaru
Qazlal
Ru
Sif Muna
Trog
Uskayaw
Vehumet
Wu Jian
Xom
Yredelemnul
Zin
The Shining One


Message History

Enter note:
Enter note:
Enter note:
Enter note: You shoot an arrow.
The arrow hits the plant.
The plant begins to die.
The plant is lightly damaged.
You block the merfolk's attack.
The merfolk hits you from afar with a +0 trident!
You shoot an arrow. The arrow hits the plant.
The plant is lightly damaged.
The merfolk hits you from afar with a +0 trident!!
The merfolk closely misses you.
You shoot an arrow. The arrow hits the plant!!
The plant is lightly damaged.
You block the merfolk's attack. The merfolk barely misses you.
You shoot an arrow. The arrow hits the plant!
The plant is lightly damaged.
A nearby plant withers and dies.
You block the merfolk's attack. The merfolk closely misses you.
You shoot an arrow. The arrow misses the merfolk.
You shoot an arrow. The arrow hits the merfolk.
The merfolk is lightly wounded.
The merfolk barely misses you. The merfolk misses you.
You shoot an arrow. The arrow hits the merfolk!
The merfolk is lightly wounded.
The merfolk barely misses you. The merfolk misses you.
You shoot an arrow. The arrow barely misses the merfolk.
The merfolk completely misses you. The merfolk misses you.
You shoot an arrow. The arrow hits the merfolk.
The merfolk is moderately wounded.
The merfolk hits you from afar with a +0 trident.
The merfolk hits you from afar with a +0 trident!
You shoot an arrow. The arrow hits the merfolk!
The merfolk is heavily wounded.
The merfolk completely misses you. x2
You shoot an arrow. The arrow hits the merfolk!
The merfolk is severely wounded.
You shoot an arrow. The arrow barely misses the merfolk.
The merfolk hits you from afar with a +0 trident!!
You die...

........####.....#...#...###
...##..## ##......#...#..#
P..##### ##....#P###.....#
..###### #....#####....###
...##..# ###%#####...<##
.......# #~#~~~#....#
.......# #~# m~#..#P#
P...#.##P###~###P#.####
....####$~~~P~~~@##
...#####P###~###~# .......#
#~# m~# .......# #~#~~~#
.......#####~#####
.###.........# ##
########### #


You could see 2 merfolk.

Vanquished Creatures
  3 two-headed ogres
  Urug (Lair:2)
  An ugly thing (D:10)
  2 cane toads
  A gargoyle (D:11)
  2 kobold demonologists
  An unseen horror (D:11)
  Psyche (D:9)
  3 komodo dragons
  A rime drake (Lair:2)
  2 trolls
  2 hornets
  A polar bear (Lair:2)
  Grinder (D:6)
  4 blink frogs (Lair:2)
  2 wraiths
  A wyvern (Lair:1)
  23 yaks
  2 basilisks
  A steam dragon (D:6)
  3 nagas (Lair:2)
  An acid dragon (D:8)
  5 water moccasins
  4 orc warriors
  3 sky beasts (D:7)
  4 black bears
  4 ice beasts (D:7)
  7 centaurs
  2 ogres (D:4)
  2 phantoms
  3 kobold brigands
  7 bullfrogs
  2 scorpions
  A burial acolyte (Ossuary)
  4 wights
  2 electric eels (Lair:2)
  A howler monkey (D:9)
  6 hounds
  2 jellies
  4 orc priests
  2 gnoll boudas
  Natasha (D:2)
  3 iguanas
  10 orc wizards
  Robin (D:3)
  A mummy (Ossuary)
  5 adders
  3 gnolls (D:8)
  A white imp (D:7)
  5 ufetubi
  3 ribbon worms
  2 dart slugs
  32 orcs
  10 bats
  9 endoplasms
  A giant cockroach (D:1)
  14 goblins
  11 hobgoblins
  7 jackals
  28 kobolds
  4 quokkas
  8 ball pythons
  A frilled lizard (D:3)
  5 gnoll skeletons (Ossuary)
  9 kobold skeletons (Ossuary)
  6 orc skeletons (Ossuary)
  2 rats
306 creatures vanquished.

Notes
Turn   | Place    | Note
-------+----------+-------------------------------------------
     0 | D:1      | qw the Spriggan Hunter began the quest for the Orb.
     0 | D:1      | Reached XP level 1. HP: 10/10 MP: 2/2
     0 | D:1      | 0 ||| qw: Version: 0.3-a-160-g6735b56
     0 | D:1      | 0 ||| qw: Game counter: 4820
     0 | D:1      | 0 ||| qw: Melee chars always use a shield: true
     0 | D:1      | 0 ||| qw: God list: Okawaru
     0 | D:1      | 0 ||| qw: Allow faded altars: false
     0 | D:1      | 0 ||| qw: Do Orc after clearing Dungeon:15 true
     0 | D:1      | 0 ||| qw: Do second Lair branch before Depths: true
     0 | D:1      | 0 ||| qw: Lair rune preference: random
     0 | D:1      | 0 ||| qw: Goals: Normal
     0 | D:1      | 0 ||| PLANNING D:1-11
    21 | D:1      | Reached skill level 3 in Dodging
    81 | D:1      | Reached XP level 2. HP: 14/14 MP: 3/3
   529 | D:1      | Reached XP level 3. HP: 18/18 MP: 4/4
   685 | D:1      | 685 ||| UPGRADING to ring of protection from fire.
   686 | D:1      | 686 ||| READING scroll labelled VASAYH MIONORGH.
   686 | D:1      | 686 ||| IDENTIFYING pink potion
   687 | D:1      | 687 ||| READING 3 scrolls labelled JOCECLOTOBB.
   691 | D:1      | 691 ||| DROPPING scroll of butterflies.
  1147 | D:2      | Reached XP level 4. HP: 22/22 MP: 5/5
  1208 | D:2      | Noticed Natasha
  1212 | D:2      | Killed Natasha
  1357 | D:2      | Found a faded altar of an unknown god.
  1357 | D:2      | Noticed a tormentor
  1425 | D:2      | 1425 ||| READING scroll of identify.
  1425 | D:2      | 1425 ||| IDENTIFYING grey potion
  1426 | D:2      | 1426 ||| READING scroll labelled VOUHUS ONENLIRUAW.
  1427 | D:2      | 1427 ||| READING scroll labelled ASEXEYM GYITWI.
  1427 | D:2      | 1427 ||| ENCHANTING +0 shortbow.
  1428 | D:2      | 1428 ||| DRINKING 2 bubbling green potions.
  1429 | D:2      | 1429 ||| DRINKING 2 lumpy ruby potions.
  1502 | D:3      | Identified the +1 helmet of a bazaar {Will+ Int+3}
  1502 | D:3      | Noticed Robin
  1513 | D:3      | Killed Robin
  1695 | D:3      | Reached XP level 5. HP: 26/26 MP: 6/6
  1709 | D:3      | Found a radiant altar of Vehumet.
  1901 | D:3      | 1901 ||| DROPPING scarf of shadows.
  1902 | D:3      | 1902 ||| READING 2 scrolls of identify.
  1902 | D:3      | 1902 ||| IDENTIFYING fizzy green potion
  1903 | D:3      | 1903 ||| READING scroll of identify.
  1903 | D:3      | 1903 ||| IDENTIFYING scroll labelled FOFFEA VYJAIH
  1904 | D:3      | 1904 ||| READING scroll labelled GAMIOFF MUILY.
  2005 | D:3      | 2005 ||| DROPPING potion of lignification.
  2006 | D:3      | 2006 ||| DROPPING scroll of fear.
  2145 | D:4      | Noticed an ogre
  2146 | D:4      | 2146 ||| DRINKING 2 potions of haste.
  2155 | D:4      | Killed an ogre
  2156 | D:4      | Reached skill level 6 in Ranged Weapons
  2156 | D:4      | Reached XP level 6. HP: 30/30 MP: 7/7
  2432 | D:4      | Reached skill level 6 in Dodging
  2479 | D:4      | Reached XP level 7. HP: 35/35 MP: 8/8
  2733 | D:4      | 2733 ||| READING scroll of identify.
  2733 | D:4      | 2733 ||| IDENTIFYING fuming dark potion
  2734 | D:4      | 2734 ||| READING scroll labelled ANAOTH FIOQI.
  2770 | D:5      | Entered Level 5 of the Dungeon
  2931 | D:5      | Found a staircase to the Ecumenical Temple.
  2932 | D:5      | 2932 ||| PLANNING TEMPLE
  2932 | D:5      | 2932 ||| READING 3 scrolls of identify.
  2932 | D:5      | 2932 ||| IDENTIFYING golden potion
  2933 | D:5      | 2933 ||| READING 2 scrolls of identify.
  2933 | D:5      | 2933 ||| IDENTIFYING ruby potion
  2934 | D:5      | 2934 ||| READING scroll of identify.
  2934 | D:5      | 2934 ||| IDENTIFYING scroll labelled ANOULIMASI
  2935 | D:5      | 2935 ||| READING scroll labelled JOHICAPN OCZES.
  2935 | D:5      | 2935 ||| ENCHANTING +0 shortbow.
  2936 | D:5      | 2936 ||| DROPPING scroll of revelation.
  2937 | D:5      | 2937 ||| DROPPING potion of attraction.
  2946 | Temple   | Entered the Ecumenical Temple
  2947 | Temple   | 2947 ||| PLANNING OKAWARU WORSHIP
  2954 | Temple   | Became a worshipper of Warmaster Okawaru
  2955 | Temple   | 2955 ||| PLANNING D:1-11
  3128 | D:5      | 3128 ||| DRINKING potion of haste.
  3354 | D:5      | 3354 ||| READING 2 scrolls of enchant weapon.
  3354 | D:5      | 3354 ||| ENCHANTING +1 shortbow.
  3355 | D:5      | 3355 ||| READING scroll of enchant weapon.
  3355 | D:5      | 3355 ||| ENCHANTING +2 shortbow.
  3708 | D:5      | 3708 ||| DROPPING ring of wizardry.
  3746 | D:6      | 3746 ||| PLANNING OSSUARY
  3836 | D:6      | Noticed Grinder
  3837 | D:6      | 3837 ||| ZAPPING wand of paralysis (9) at -7,-1 (Grinder;
                  | floor).
  3845 | D:6      | Killed Grinder
  3845 | D:6      | Reached * piety under Okawaru
  3846 | D:6      | Reached XP level 8. HP: 39/39 MP: 9/9
  3957 | D:6      | Reached skill level 1 in Invocations
  4062 | D:6      | Reached skill level 3 in Fighting
  4212 | D:6      | Reached skill level 3 in Invocations
  4212 | D:6      | 4212 ||| INVOKING Heroism.
  4215 | D:6      | HP: 10/40 [poisoned by a kobold brigand (curare-tipped
                  | dart)]
  4216 | D:6      | 4216 ||| READING 4 scrolls of teleportation.
  4217 | D:6      | 4217 ||| DRINKING 2 potions of heal wounds.
  4393 | D:6      | Found a sand-covered staircase.
  4394 | D:6      | 4394 ||| UPGRADING to ring of protection from fire.
  4395 | D:6      | 4395 ||| READING 3 scrolls of identify.
  4395 | D:6      | 4395 ||| IDENTIFYING scroll labelled HESHRE UHAOSOWK
  4396 | D:6      | 4396 ||| READING 2 scrolls of identify.
  4396 | D:6      | 4396 ||| IDENTIFYING scroll labelled ZEACECZ BUVVUJ
  4397 | D:6      | 4397 ||| DROPPING scroll of torment.
  4398 | D:6      | 4398 ||| DROPPING scroll of fog.
  4407 | Ossuary  | Entered an ossuary
  4494 | Ossuary  | 4494 ||| RETREEEEATING.
  4500 | Ossuary  | 4500 ||| INVOKING Heroism.
  4669 | Ossuary  | 4669 ||| READING 2 scrolls of identify.
  4669 | Ossuary  | 4669 ||| IDENTIFYING puce potion
  4670 | Ossuary  | 4670 ||| READING scroll of identify.
  4670 | Ossuary  | 4670 ||| IDENTIFYING bubbling golden potion
  4671 | Ossuary  | 4671 ||| READING scroll labelled ZEFUJ ZISH.
  4672 | Ossuary  | 4672 ||| DROPPING potion of degeneration.
  4673 | Ossuary  | 4673 ||| Stepping randomly (stuck).
  4674 | Ossuary  | 4674 ||| Stepping ~*~*~tactically~*~*~ (cloud).
  4765 | D:6      | 4765 ||| PLANNING D:1-11
  4929 | D:6      | 4929 ||| INVOKING Heroism.
  5045 | D:6      | 5045 ||| READING scroll labelled VONLARPH LOETHREOSA.
  5159 | D:7      | 5159 ||| RETREEEEATING.
  5161 | D:7      | 5161 ||| RETREEEEATING.
  5162 | D:7      | 5162 ||| RETREEEEATING.
  5165 | D:7      | Reached skill level 9 in Ranged Weapons
  5166 | D:7      | HP: 5/40 [water moccasin (8)]
  5167 | D:7      | 5167 ||| READING 4 scrolls of teleportation.
  5167 | D:7      | HP: 1/40 [water moccasin (5)]
  5168 | D:7      | 5168 ||| DRINKING 4 potions of heal wounds.
  5275 | D:7      | 5275 ||| RETREEEEATING.
  5276 | D:7      | 5276 ||| RETREEEEATING.
  5277 | D:7      | 5277 ||| RETREEEEATING.
  5279 | D:7      | 5279 ||| RETREEEEATING.
  5280 | D:7      | 5280 ||| RETREEEEATING.
  5281 | D:7      | 5281 ||| RETREEEEATING.
  5285 | D:7      | 5285 ||| RETREEEEATING.
  5291 | D:7      | HP: 7/40 [orc warrior/+0 short sword (15)]
  5292 | D:7      | 5292 ||| READING 3 scrolls of teleportation.
  5293 | D:7      | 5293 ||| DRINKING 3 potions of heal wounds.
  5294 | D:7      | 5294 ||| RETREEEEATING.
  5445 | D:7      | Reached ** piety under Okawaru
  5446 | D:7      | Reached XP level 9. HP: 44/44 MP: 13/13
  5462 | D:7      | Reached skill level 9 in Dodging
  5475 | D:7      | 5475 ||| SWAPPING to +0 orcbow.
  5480 | D:7      | 5480 ||| DROPPING +3 shortbow.
  5842 | D:7      | Paralysed by a hornet for 1 turns
  5914 | D:7      | Reached *** piety under Okawaru
  5917 | D:7      | 5917 ||| RETREEEEATING.
  5945 | D:7      | HP: 8/45 [ice beast (8)]
  5946 | D:7      | 5946 ||| READING 2 scrolls of teleportation.
  5947 | D:7      | 5947 ||| DRINKING 2 potions of heal wounds.
  6213 | D:7      | 6213 ||| RETREEEEATING.
  6220 | D:7      | HP: 11/45 [white imp/puff of frost (9)]
  6221 | D:7      | 6221 ||| READING scroll of teleportation.
  6222 | D:7      | 6222 ||| DRINKING potion of heal wounds.
  6880 | D:7      | Reached XP level 10. HP: 43/49 MP: 14/14
  7094 | D:7      | 7094 ||| DROPPING ring of magical power.
  7268 | D:8      | Reached **** piety under Okawaru
  7501 | D:8      | HP: 12/49 [orc wizard/puff of flame (2)]
  7878 | D:8      | 7878 ||| READING scroll labelled WIASUR QUHOV.
  7878 | D:8      | Identified a scroll of acquirement
  7878 | D:8      | 7878 ||| ACQUIRING amulet of reflection
  7878 | D:8      | Acquired an amulet of reflection
  7880 | D:8      | 7880 ||| UPGRADING to amulet of reflection.
  7923 | D:9      | Noticed a two-headed ogre
  7924 | D:9      | 7924 ||| INVOKING Finesse.
  7935 | D:9      | 7935 ||| FLEEEEING.
  7936 | D:9      | 7936 ||| FLEEEEING.
  7937 | D:9      | 7937 ||| STAIRDANCE
  8059 | D:9      | 8059 ||| INVOKING Heroism.
  8067 | D:9      | Killed a two-headed ogre
  8068 | D:9      | Reached skill level 12 in Dodging
  8182 | D:9      | Found a broken altar of Ashenzari.
  8325 | D:9      | Noticed Psyche
  8341 | D:9      | Killed Psyche
  8342 | D:9      | 8342 ||| FLEEEEING.
  8343 | D:9      | 8343 ||| FLEEEEING.
  8344 | D:9      | 8344 ||| FLEEEEING.
  8345 | D:9      | 8345 ||| FLEEEEING.
  8346 | D:9      | 8346 ||| FLEEEEING.
  8347 | D:9      | 8347 ||| FLEEEEING.
  8348 | D:9      | 8348 ||| FLEEEEING.
  8349 | D:9      | 8349 ||| FLEEEEING.
  8350 | D:9      | 8350 ||| FLEEEEING.
  8351 | D:9      | 8351 ||| FLEEEEING.
  8352 | D:9      | 8352 ||| FLEEEEING.
  8353 | D:9      | 8353 ||| FLEEEEING.
  8354 | D:9      | 8354 ||| FLEEEEING.
  8355 | D:9      | 8355 ||| FLEEEEING.
  8356 | D:9      | 8356 ||| FLEEEEING.
  8357 | D:9      | 8357 ||| FLEEEEING.
  8358 | D:9      | 8358 ||| STAIRDANCE
  8360 | D:8      | 8360 ||| FLEEEEING.
  8361 | D:8      | 8361 ||| FLEEEEING.
  8362 | D:8      | 8362 ||| FLEEEEING.
  8363 | D:8      | 8363 ||| STAIRDANCE
  8365 | D:7      | 8365 ||| FLEEEEING.
  8366 | D:7      | 8366 ||| FLEEEEING.
  8367 | D:7      | 8367 ||| FLEEEEING.
  8371 | D:7      | 8371 ||| READING scroll labelled XOWAKIPREG.
  8577 | D:9      | 8577 ||| UPGRADING to +2 robe of fire resistance.
  8587 | D:9      | 8587 ||| DROPPING +0 robe.
  8600 | D:10     | Entered Level 10 of the Dungeon
  8608 | D:10     | Found a white marble altar of Elyvilon.
  8730 | D:10     | 8730 ||| RETREEEEATING.
  8731 | D:10     | 8731 ||| RETREEEEATING.
  8733 | D:10     | 8733 ||| RETREEEEATING.
  8737 | D:10     | 8737 ||| RETREEEEATING.
  8738 | D:10     | 8738 ||| RETREEEEATING.
  8739 | D:10     | 8739 ||| RETREEEEATING.
  8742 | D:10     | 8742 ||| RETREEEEATING.
  8743 | D:10     | 8743 ||| RETREEEEATING.
  8745 | D:10     | 8745 ||| RETREEEEATING.
  8765 | D:10     | Reached skill level 6 in Invocations
  8771 | D:10     | HP: 9/49 [yak (12)]
  8961 | D:10     | Reached ***** piety under Okawaru
  9156 | D:10     | 9156 ||| RETREEEEATING.
  9157 | D:10     | 9157 ||| RETREEEEATING.
  9159 | D:10     | 9159 ||| RETREEEEATING.
  9161 | D:10     | 9161 ||| RETREEEEATING.
  9163 | D:10     | 9163 ||| RETREEEEATING.
  9167 | D:10     | 9167 ||| RETREEEEATING.
  9168 | D:10     | 9168 ||| RETREEEEATING.
  9171 | D:10     | 9171 ||| INVOKING Finesse.
  9180 | D:10     | Reached skill level 12 in Ranged Weapons
  9204 | D:10     | Reached XP level 11. HP: 54/54 MP: 12/17
  9398 | D:10     | Noticed a cyan ugly thing
  9399 | D:10     | 9399 ||| INVOKING Finesse.
  9407 | D:10     | Killed a cyan ugly thing
  9465 | D:10     | Found an ornate altar of the Wu Jian Council.
  9561 | D:10     | 9561 ||| INVOKING Finesse.
  9576 | D:10     | HP: 13/55 [poisoned by a kobold brigand (curare-tipped
                  | dart)]
  9591 | D:10     | HP: 12/55 [poisoned by a kobold]
  9596 | D:10     | HP: 9/55 [poisoned by a kobold]
  9601 | D:10     | HP: 6/55 [poisoned by a kobold]
  9848 | D:10     | 9848 ||| RETREEEEATING.
  9851 | D:10     | 9851 ||| RETREEEEATING.
  9852 | D:10     | 9852 ||| RETREEEEATING.
  9854 | D:10     | 9854 ||| RETREEEEATING.
  9855 | D:10     | 9855 ||| RETREEEEATING.
  9862 | D:10     | 9862 ||| RETREEEEATING.
  9863 | D:10     | 9863 ||| RETREEEEATING.
 10034 | D:11     | HP: 12/55 [troll (5)]
 10214 | D:11     | Noticed a two-headed ogre
 10215 | D:11     | 10215 ||| INVOKING Finesse.
 10227 | D:11     | Killed a two-headed ogre
 10264 | D:11     | Noticed a two-headed ogre
 10265 | D:11     | 10265 ||| INVOKING Finesse.
 10271 | D:11     | Killed a two-headed ogre
 10391 | D:11     | 10391 ||| RETREEEEATING.
 10392 | D:11     | 10392 ||| RETREEEEATING.
 10604 | D:11     | Reached skill level 9 in Invocations
 10989 | D:11     | Found a staircase to the Lair.
 11104 | D:11     | 11104 ||| PLANNING LAIR
 11104 | D:11     | 11104 ||| UPGRADING to +0 troll leather armour.
 11114 | D:11     | 11114 ||| READING 2 scrolls of enchant armour.
 11114 | D:11     | 11114 ||| ENCHANTING +0 troll leather armour.
 11115 | D:11     | 11115 ||| READING scroll of enchant armour.
 11115 | D:11     | 11115 ||| ENCHANTING +1 troll leather armour.
 11116 | D:11     | 11116 ||| DROPPING amulet of the acrobat.
 11164 | Lair:1   | Entered Level 1 of the Lair of Beasts
 11526 | Lair:1   | Identified the +4 scale mail "Kuadux" {Rampage Str+3}
 11591 | Lair:1   | 11591 ||| READING scroll of enchant weapon.
 11591 | Lair:1   | 11591 ||| ENCHANTING +0 orcbow.
 11990 | Lair:1   | 11990 ||| READING 3 scrolls of identify.
 11990 | Lair:1   | 11990 ||| IDENTIFYING amethyst potion
 11991 | Lair:1   | 11991 ||| READING 2 scrolls of identify.
 11991 | Lair:1   | 11991 ||| IDENTIFYING viscous silvery potion
 12146 | Lair:2   | 12146 ||| INVOKING Finesse.
 12147 | Lair:2   | 12147 ||| INVOKING Heroism.
 12197 | Lair:2   | Noticed Urug
 12230 | Lair:2   | 12230 ||| INVOKING Finesse.
 12257 | Lair:2   | Killed Urug
 12332 | Lair:2   | Found a staircase to the Snake Pit.
 12346 | Lair:2   | Reached XP level 12. HP: 26/60 MP: 20/20
 12348 | Lair:2   | HP: 15/60 [constriction (4)]
 12349 | Lair:2   | 12349 ||| DRINKING 2 potions of heal wounds.
 12350 | Lair:2   | 12350 ||| DRINKING potion of heal wounds.
 12482 | Lair:2   | 12482 ||| RETREEEEATING.
 12484 | Lair:2   | 12484 ||| RETREEEEATING.
 12485 | Lair:2   | 12485 ||| RETREEEEATING.
 12486 | Lair:2   | 12486 ||| RETREEEEATING.
 12487 | Lair:2   | 12487 ||| RETREEEEATING.
 12488 | Lair:2   | 12488 ||| RETREEEEATING.
 12489 | Lair:2   | 12489 ||| RETREEEEATING.
 12490 | Lair:2   | 12490 ||| RETREEEEATING.
 12491 | Lair:2   | 12491 ||| RETREEEEATING.
 12492 | Lair:2   | 12492 ||| RETREEEEATING.
 12493 | Lair:2   | 12493 ||| RETREEEEATING.
 12494 | Lair:2   | 12494 ||| RETREEEEATING.
 12495 | Lair:2   | 12495 ||| RETREEEEATING.
 12496 | Lair:2   | 12496 ||| RETREEEEATING.
 12497 | Lair:2   | 12497 ||| RETREEEEATING.
 12498 | Lair:2   | 12498 ||| RETREEEEATING.
 12499 | Lair:2   | 12499 ||| RETREEEEATING.
 12512 | Lair:2   | Received a gift from Okawaru
 12524 | Lair:2   | 12524 ||| FLEEEEING.
 12526 | Lair:2   | HP: 9/60 [electric eel/bolt of electricity (8)]
 12530 | Lair:2   | 12530 ||| FLEEEEING.
 12932 | Lair:2   | Slain by a merfolk

Levels and vault maps discovered:
D:1:      psy_arrival_fountain, layout_rooms, serial_forest,
          infiniplex_forest_zigzag_1, infiniplex_forest_clump_C,
          infiniplex_forest_straight_3, infiniplex_forest_straight_2,
          infiniplex_forest_end_1, infiniplex_forest_clump_tiny,
          infiniplex_forest_lined_ring, infiniplex_forest_end_1,
          infiniplex_forest_straight_4, serial_bayou_ford_a, minmay_octomino_j4
D:2:      layout_loops_cross, dreamdust_ecumenical_altar_sealed_demon,
          minmay_fractal_squares_gapless_5, uniq_natasha
D:3:      layout_rooms, mainiacjoe_overflow_tiny_flanked, solitary_fountain,
          skrybe_limestone_x, due_unseen_surprise, uniq_robin
D:4:      layout_gridville
D:5:      layout_basic, minmay_temple_entry_crystal_x, serial_curves,
          eino_curves_04, eino_curves_03
D:6:      layout_gridville, chequers_ossuary_entry_cave,
          kennysheep_generic_room_9, uniq_grinder
D:7:      minmay_s_stair_smasher, layout_layer_cave
D:8:      nicolae_cairo_tiling_large_dashed, layout_loops_cross
D:9:      layout_cave_pools, cheibrodos_ashenzari_chains, uniq_psyche
D:10:     layout_irregular_city, mainiacjoe_overflow_catwalk,
          nicolae_elyvilon_peaceful_grove
D:11:     layout_roguey, lair_entry_dummy
Temple:   eino_narrow_crystal_temple
Lair:1:   layout_cave_pods, infiniplex_staircase_pool
Lair:2:   layout_concentric_octagons, mainiacjoe_shoals_entry_four_pools,
          nicolae_snake_entry_squirm, uniq_urug

Skill      XL: |  1  2  3  4  5  6  7  8  9 10 11 |
---------------+----------------------------------+-----
Dodging        | 3 4 5 6 7 8 11 12 13 | 13.0
Ranged Weapons | 5 6 8 9 10 12 13 | 13.8
Fighting       | 2 3 4 5 |  5.0
Invocations    | 4 6 10 | 10.0
Stealth        | |  1.5

Action                     |  1- 3 |  4- 6 |  7- 9 | 10-12 || total
---------------------------+-------+-------+-------+-------++-------
  Melee: Unarmed           |       |       |       |     6 ||     6
   Fire: Shortbow          |   122 |   156 |   303 |       ||   581
         Orcbow            |       |       |   190 |   759 ||   949
 Invoke: Heroism           |       |       |     3 |     2 ||     5
         Finesse           |       |       |       |     8 ||     8
  Evoke: Wand              |       |       |     1 |       ||     1
    Use: Scroll            |     2 |     6 |    19 |     7 ||    34
         Potion            |       |     3 |     6 |     2 ||    11
   Stab: Confused          |       |       |       |     1 ||     1
 Armour: Robe              |    10 |    13 |    77 |    49 ||   149
         Skin              |       |       |       |     1 ||     1
         Troll leather arm |       |       |       |    29 ||    29
  Dodge: Dodged            |    28 |    45 |   247 |   367 ||   687
  Block: Other             |       |       |       |    83 ||    83
         Reflection        |       |       |       |     9 ||     9

Table legend:
 A = Non-vault XP
 B = Vault XP
 C = Vault XP percentage of total XP
 D = Non-vault monster count
 E = Vault monster count
 F = Vault count percentage of total count
                 A         B        C        D         E       F
            +---------+---------+-------+---------+---------+-------
      Total |   20021 |    4203 |  17.4 |     236 |      70 |  22.9
            +---------+---------+-------+---------+---------+-------
        D:1 |      42 |       4 |   8.7 |      23 |       3 |  11.5
        D:2 |      53 |      39 |  42.4 |      22 |       3 |  12.0
        D:3 |      25 |      36 |  59.0 |      13 |      11 |  45.8
        D:4 |     540 |       0 |   0.0 |      21 |       0 |   0.0
        D:5 |     338 |       0 |   0.0 |      13 |       0 |   0.0
        D:6 |     863 |     288 |  25.0 |      27 |       3 |  10.0
        D:7 |    1113 |    1991 |  64.1 |      18 |      21 |  53.8
        D:8 |     405 |       0 |   0.0 |      10 |       0 |   0.0
        D:9 |    2199 |     346 |  13.6 |       7 |       1 |  12.5
       D:10 |    5159 |       0 |   0.0 |      35 |       0 |   0.0
       D:11 |    4703 |       0 |   0.0 |      26 |       0 |   0.0
     Lair:1 |    1606 |       0 |   0.0 |       8 |       0 |   0.0
     Lair:2 |    2975 |    1256 |  29.7 |      13 |       4 |  23.5
    Ossuary |       0 |     243 | 100.0 |       0 |      24 | 100.0
            +---------+---------+-------+---------+---------+-------
